 Dungeon Crawl Stone Soup version 0.19-a0-1344-g0798fd6 (webtiles) character file.

6381 Lasiace the Transmogrifier (level 10, -3/68 HPs)
             Began as an Octopode Transmuter on Sept 1, 2016.
             Splashed by a brown ugly thing's acid (4 damage)
             ... on level 9 of the Dungeon.
             The game lasted 00:30:28 (13874 turns).

Lasiace the Transmogrifier (Octopode Transmuter)   Turns: 13874, Time: 00:30:28

Health: -3/68      AC:  1    Str: 12    XL:     10   Next: 97%
Magic:  10/13      EV: 18    Int: 15    God:
Gold:   577        SH:  0    Dex: 16    Spells: 4 memorised, 2 levels left

rFire  . . .     SeeInvis .       - Unarmed
rCold  . . .     Gourm    .     (shield currently unavailable)
rNeg   . . .     Faith    .     (helmet restricted)
rPois  .         Spirit   .     z - amulet of rage
rElec  .         Dismiss  .     O - ring of flight
rCorr  .         Reflect  .     (no ring)
MR     .....     Harm     .     (no ring)
Stlth  ++........               (no ring)
                                (no ring)
                                (no ring)
                                (no ring)
                                (no ring)

@: blade tentacles (expiring)
A: almost no armour, stealthy swim, amphibious, 8 rings, constrict 8, camouflage
1, strong 1, gelatinous body 1, subdued magic 1
a: End Transformation, Evoke Berserk Rage, Evoke Flight


You were on level 9 of the Dungeon.
You were hungry.
You had blades for tentacles.
You visited 2 branches of the dungeon, and saw 11 of its levels.

You collected 577 gold pieces.

Inventory:

Missiles
 a - 145 arrows
Armour
 s - the +2 hat of the High Council {Archmagi, Wiz- Stlth-}
   (You found it on level 4 of the Dungeon)

   It makes you less stealthy.
 A - a +0 buckler (melded)
 S - a +0 shield
Magical Staves
 o - an uncursed staff of summoning
Rods
 G - a -1 iron rod (12/12)
   (You found it on level 10 of the Dungeon)
Jewellery
 z - an amulet of rage (around mantle)
 E - an uncursed amulet of guardian spirit {unknown}
 I - an uncursed ring of fire
 O - a ring of flight (left scythe-like blade)
Wands
 n - a wand of paralysis (8/24)
 B - a wand of iceblast (8/15)
 C - a wand of digging (17/24)
 D - a wand of slowing (24/48)
Scrolls
 b - 3 scrolls of remove curse
 e - 2 scrolls of magic mapping {unknown}
 g - 2 scrolls of immolation {unknown}
 k - 3 scrolls of enchant weapon {unknown}
 m - 3 scrolls of blinking
 r - 3 scrolls of teleportation {@r3}
 u - 2 scrolls of enchant armour {unknown}
 x - a scroll of fear
 y - a scroll of amnesia
Potions
 f - 3 potions of flight
 j - 3 potions of curing {@q2}
 l - 3 potions of haste {unknown}
 p - 2 potions of brilliance
 t - a potion of might
 v - a potion of ambrosia {unknown}
Books
 q - a book of Changes

   Spells                             Type                      Level
   a - Beastly Appendage              Transmutation                1
   b - Sticks to Snakes               Transmutation                2
   c - Spider Form                    Transmutation/Poison         3
   d - Ice Form                       Ice/Transmutation            4
   e - Blade Hands                    Transmutation                5
 H - a Fen Folio

   Spells                             Type                      Level
   a - Corpse Rot                     Necromancy                   2
   b - Stone Arrow                    Conjuration/Earth            3
   c - Leda's Liquefaction            Hexes/Earth                  4
   d - Summon Forest                  Summoning/Translocation      5
   e - Hydra Form                     Transmutation                6
   f - Summon Hydra                   Summoning                    7
Comestibles
 c - 11 bread rations
 d - 3 fruits
 h - 3 meat rations
 i - a slice of pizza
 w - 8 beef jerkies


   Skills:
 - Level 6.0 Fighting
 - Level 7.0 Dodging
 + Level 10.0 Unarmed Combat
 - Level 2.0 Spellcasting
 - Level 10.0 Transmutations


You had 2 spell levels left.
You knew the following spells:

 Your Spells              Type           Power        Failure   Level  Hunger
a - Beastly Appendage     Tmut           ###...       10%         1    #......
b - Sticks to Snakes      Tmut           ###.....     10%         2    ###....
c - Spider Form           Tmut/Pois      ##........   41%         3    ###....
v - Blade Hands           Tmut           ###.......   45%         5    ######.


Dungeon Overview and Level Annotations

Branches:
Dungeon (10/15)            Temple (1/1) D:6            Lair (0/6) D:10
    Orc: D:9-12

Altars:
Ashenzari
Cheibriados
Dithmenos
Elyvilon
Fedhas
Gozag
Hepliaklqana
Kikubaaqudgha
Nemelex Xobeh
Okawaru
Qazlal
Ru
Sif Muna
Trog
Uskayaw
Vehumet
Xom
Yredelemnul
Zin
The Shining One

Shops:
D:4 (   D:7 (

Annotations:
D:4 cykablyat's ghost, amateur OpCj
D:10 Erolcha; Harold


Innate Abilities, Weirdness & Mutations

You cannot wear most types of armour.
You are very stealthy in the water.
You are amphibious.
You can wear up to eight rings at the same time.
You can use your tentacles to constrict eight enemies at once.
Your skin changes colour to match your surroundings (Stealth+).
Your rubbery body absorbs attacks. (AC +1, EV +1)
Your muscles are strong. (Str +2)
Your spells are a little easier to cast, but a little less powerful.


Message History

The brown ugly thing misses you. The phantom closely misses you.
You climb upwards.
There is a stone staircase leading down here.
The phantom blinks!
The brown ugly thing misses you.
There is an open door here.
You slash the brown ugly thing! Your grab misses the brown ugly thing.
The brown ugly thing is lightly wounded.
The brown ugly thing gores you!
* * * LOW HITPOINT WARNING * * *
You are splashed with acid!
The acid burns!
* * * LOW HITPOINT WARNING * * *
You see here a potion of degeneration.
The phantom blinks!
Your transformation is almost over.
The phantom blinks!
The brown ugly thing gores you!
* * * LOW HITPOINT WARNING * * *
You are splashed with acid!
The acid burns!
You die...

...........#.#........)#.#.......
##.........#.#........)[.#.......
#.........#.#.........###.......
#......)).#.'.........# #.......
########[####.........# #.......
#####....# #######'### ######'#
#.....#### #...# #.# ##'########
####.### ###.# #.........# #.@..#
#...# #.........#####u#######
#.### #.........'.#.........#
###'### #.........#.#.........#
#...... '.........#W#...#######
###.... #.....W.>.#.#...# #....
#........<#.#!ยง.##8. #....
#.........#.....##... #....
#.........###..W#8... #....


You could see a brown ugly thing.

Vanquished Creatures
  2 trolls
  A two-headed ogre (D:10)
  5 yaks (D:10)
  Sigmund (D:4)
  The ghost of Lasiace the Ducker, an amateur OpTm (D:3)
  3 sky beasts
  4 ice beasts
  2 black bears
  An orc warrior (D:9)
  4 ogres
  3 centaurs
  5 giant frogs
  2 gnoll sergeants
  2 scorpions
  4 killer bees (D:10)
  10 wights
  3 howler monkeys
  6 crimson imps
  A quasit (D:9)
  3 hounds
  Crazy Yiuf (D:2)
  2 centaur skeletons
  A giant frog skeleton (D:7)
  2 jellies
  5 orc priests
  An iguana (D:10)
  Natasha (thrice) (D:3)
  7 orc wizards
  12 worker ants
  A hound zombie (D:6)
  2 hound skeletons
  A howler monkey zombie (D:7)
  2 worker ant zombies (D:6)
  9 gnolls
  A howler monkey skeleton (D:6)
  11 adders
  An adder skeleton (D:7)
  3 worms
  3 giant geckos
  21 orcs
  6 giant cockroaches
  6 goblins
  9 hobgoblins
  9 jackals
  A quokka (D:7)
  5 bats
  5 giant newts
  4 kobolds
  A quokka zombie (D:6)
  39 rats
  A spectral orc (D:5)
238 creatures vanquished.

Vanquished Creatures (collateral kills)
  A troll (D:9)
1 creature vanquished.

Grand Total: 239 creatures vanquished

Notes
Turn   | Place    | Note
-------+----------+-------------------------------------------
     0 | D:1      | Lasiace the Octopode Transmuter began the quest for the Orb.
     0 | D:1      | Reached XP level 1. HP: 13/13 MP: 3/3
   272 | D:1      | Reached XP level 2. HP: 9/18 MP: 3/5
  1311 | D:2      | Reached XP level 3. HP: 15/24 MP: 6/6
  1552 | D:2      | Reached XP level 4. HP: 27/30 MP: 7/7
  2250 | D:2      | Found a runed door.
  2313 | D:2      | Learned a level 2 spell: Sticks to Snakes
  2317 | D:2      | Learned a level 3 spell: Spider Form
  2348 | D:2      | Noticed Crazy Yiuf
  2352 | D:2      | Killed Crazy Yiuf
  2352 | D:2      | Reached XP level 5. HP: 25/36 MP: 4/8
  2891 | D:3      | Noticed Lasiace's ghost (amateur OpTm)
  2907 | D:3      | Killed Lasiace's ghost
  2907 | D:3      | Reached skill level 5 in Dodging
  2907 | D:3      | Reached XP level 6. HP: 10/42 MP: 6/9
  3493 | D:3      | Noticed Natasha
  3499 | D:3      | Killed Natasha
  3650 | D:3      | Noticed Natasha
  3658 | D:3      | Killed Natasha
  3811 | D:3      | Noticed Natasha
  3818 | D:3      | Killed Natasha
  4315 | D:4      | Found Ocwatib's Weapon Emporium.
  4560 | D:4      | Reached XP level 7. HP: 41/46 MP: 10/10
  4585 | D:4      | Noticed Sigmund
  4825 | D:4      | Killed Sigmund
  4825 | D:4      | Reached skill level 5 in Unarmed Combat
  4953 | D:4      | Noticed cykablyat's ghost (amateur OpCj)
  5299 | D:5      | Entered Level 5 of the Dungeon
  5326 | D:5      | Found a basalt altar of Yredelemnul.
  5851 | D:5      | Reached XP level 8. HP: 52/52 MP: 9/11
  6391 | D:6      | Found a staircase to the Ecumenical Temple.
  6519 | Temple   | Entered the Ecumenical Temple
  6686 | D:6      | Reached skill level 5 in Transmutations
  7863 | D:7      | Reached XP level 9. HP: 56/56 MP: 10/12
  8154 | D:7      | Learned a level 5 spell: Blade Hands
  8227 | D:7      | Found a bloodstained altar of Trog.
  8360 | D:7      | Found Nuico's Weapon Emporium.
  8751 | D:7      | Found an iron altar of Okawaru.
  9667 | D:8      | Gained mutation: Your spells are a little easier to cast, but a little less powerful. [mutagenic meat]
  9670 | D:8      | Gained mutation: Your muscles are strong. (Str +2) [mutagenic meat]
  9687 | D:8      | Reached skill level 10 in Transmutations
  9968 | D:9      | Found a snail-covered altar of Cheibriados.
 10020 | D:9      | Noticed a troll
 10735 | D:9      | Found a deep blue altar of Sif Muna.
 11272 | D:9      | Noticed a troll
 11283 | D:9      | Killed a troll
 11283 | D:9      | Reached XP level 10. HP: 34/65 MP: 2/13
 11456 | D:9      | Reached skill level 5 in Fighting
 12108 | D:10     | Entered Level 10 of the Dungeon
 12699 | D:10     | Found a staircase to the Lair.
 12767 | D:10     | Noticed Harold
 13614 | D:10     | Noticed Erolcha
 13619 | D:10     | Reached skill level 10 in Unarmed Combat
 13851 | D:10     | Noticed a brown ugly thing
 13874 | D:9      | HP: 1/68 [brown ugly thing (9)]
 13874 | D:9      | Splashed by a brown ugly thing's acid

Vault maps used:
D:1:      eino_arrival_tree_alley
D:2:      minmay_rats_cheesy_pizza, uniq_crazy_yiuf_cottage
D:3:      uniq_natasha
D:4:      serial_shops, shop, first_bread, uniq_sigmund
D:5:      yredelemnul_forgotten_temple_becter
D:6:      minmay_misc_feat_rows
D:7:      lemuel_coloured_pillars_altar, basic_altar, serial_shops,
          nicolae_shop_stone
D:8:      grunt_ogre_cave
D:9:      marbit_many_paths, nicolae_overflow_hidden_temple
D:10:     lair_0_dummy, uniq_harold, uniq_erolcha
Temple:   eino_temple_scatter_basement

Skill      XL: |  1  2  3  4  5  6  7  8  9 10 |
---------------+-------------------------------+-----
Transmutations | 3 7 10 | 10.0
Fighting       | 2 3 4 6 |  6.0
Dodging        | 3 5 7 |  7.0
Unarmed Combat | 4 6 10 | 10.0
Spellcasting   | |  2.0

Action                   |  1- 3 |  4- 6 |  7- 9 | 10-12 || total
-------------------------+-------+-------+-------+-------++-------
Melee: Unarmed           |    93 |   143 |   336 |   152 ||   724
       Constrict         |    24 |    30 |    44 |    18 ||   116
       Tentacles         |    11 |    19 |    54 |    31 ||   115
       Kick              |     3 |     7 |    21 |     3 ||    34
       Punch             |     2 |     4 |     8 |    11 ||    25
 Cast: Beastly Appendage |     5 |     4 |    16 |     2 ||    27
       Spider Form       |       |     4 |    21 |     2 ||    27
       Sticks to Snakes  |       |       |     9 |     5 ||    14
       Blade Hands       |       |       |     6 |    13 ||    19
  Use: Scroll            |       |       |    12 |       ||    12
 Stab: Sleeping          |     6 |     8 |     4 |     1 ||    19
       Distracted        |       |       |     1 |     1 ||     2
  Eat: Chunk             |     2 |    11 |    23 |    14 ||    50
       Royal jelly       |       |       |     1 |       ||     1
       Pizza             |       |       |     1 |     1 ||     2
       Beef jerky        |       |       |     1 |       ||     1
       Fruit             |       |       |       |     1 ||     1
Armor: Skin              |     8 |     6 |     6 |     2 ||    22
Dodge: Dodged            |    65 |    70 |   225 |    97 ||   457
